[Event "67th Mexican-ch Open 2022"]
[Site "Chihuahua"]
[Date "2022.04.16"]
[Round "7.5"]
[White "Galaviz Medina, Sion Radamantys"]
[Black "Quesada Perez, Luis Ernesto"]
[Result "0-1"]
[ECO "A84"]
[WhiteElo "2374"]
[BlackElo "2517"]
[Annotator "TA"]
[PlyCount "136"]
[EventDate "2022.04.12"]
[EventType "swiss"]
[EventCountry "MEX"]
[SourceTitle "playchess.com"]
[Source "ChessBase"]
[SourceQuality "1"]
[TimeControl "5400+30"]

1. d4 e6 2. c4 f5 3. Nc3 Nf6 4. Nf3 Bb4 5. g3 b6 6. Bg2 Bb7 {[%emt 0:00:12] [#]} 7. Qa4 $146 {[%emt 0:01:59] A84: Dutch Defence: 2 c4 Miscellaneous.} (7. Qb3 $142 Bxc3+ 8. Qxc3 (8. bxc3 Nc6 $11)) ({Predecessor:} 7. Bd2 O-O 8. O-O Qe8 9. Rc1 Bxc3 10. Bxc3 d6 11. d5 e5 12. Nd2 a5 13. h3 Na6 14. f4 exf4 15. gxf4 Nc5 16. Qe1 {0-1 (29) Gumularz,S (2518)-Karjakin,S (2752) Chess.com INT 2020}) 7... Bxc3+ $11 8. bxc3 O-O 9. d5 (9. Bg5 $15 {might be stronger.}) 9... Ne4 10. Ba3 Qf6 11. Rc1 d6 12. Qc2 (12. Nd4 $142 exd5 13. cxd5) 12... exd5 $17 13. cxd5 Bxd5 14. c4 Bb7 {[%emt 0:00:04] &Nero is more active.} 15. Bb2 Qf7 16. h4 (16. c5 $17) 16... Nd7 ({Better is} 16... h6 $19 17. O-O Nc5) 17. Ng5 Qe7 18. Nh3 Ndf6 19. O-O Rae8 20. Nf4 Ng4 {[%emt 0:00:25][%cal Oe4g3] ...Nxg3! is the strong threat.} 21. Qb3 {[%emt 0:01:12] [#]} (21. Qd1 $17 {was necessary.}) 21... Nd2 $1 $19 {[%emt 0:01:04][%csl LRb3,LRf1] Pair of Knights!} 22. Bxb7 (22. Qc3 Bxg2) 22... Nxb3 23. axb3 a5 24. Bd4 Nf6 25. Bc6 Qf7 26. f3 {[%emt 0:00:58] [#]} Re5 $1 27. Kf2 (27. Rcd1 Kh8) 27... Rb8 28. Rfd1 Kh8 29. Rd3 h6 30. h5 $2 (30. Re1) 30... Nxh5 31. Bxe5 dxe5 32. Rd7 Qxd7 33. Bxd7 $17 exf4 34. gxf4 $19 {[%emt 0:00:14][%mdl 4096] Endgame KRB-KRN} g6 35. Rh1 Kg7 $1 ({And not} 35... Nxf4 36. Rh4 Nh5 37. Bxf5 $15) 36. Bxf5 Nxf4 37. Be4 Ne6 38. Rb1 Nc5 39. Bc2 Rd8 40. Ke3 g5 41. Rg1 Kf6 42. Rh1 Kg7 43. Rg1 Ne6 {[%emt 0:00:23] Prevents f4.} 44. Be4 Nc5 45. Bc2 Re8+ 46. Kf2 Re7 47. f4 {[%emt 0:01:34] [#]} Kf6 (47... Rf7 $1 $19 48. e3 Kf8) 48. Rh1 $17 gxf4 {[%emt 0:00:45] Strongly threatening ...Re3.} 49. Rxh6+ Ke5 {[%emt 0:00:08] Threatens to win with ...Kd4.} 50. e3 Rd7 ({Black should play} 50... Rf7 $17) 51. exf4+ (51. Rh5+ $11 Kf6 52. Ke2) 51... Kxf4 {[%emt 0:00:08] White must now prevent ...Rd2+. White is on the road to losing.} 52. Ke2 {[%emt 0:00:03] Against Rd2+} Rg7 53. Rh4+ {[%emt 0:01:15] [#]} (53. Rh3 $17) 53... Ke5 $1 $19 54. Kf2 Na6 (54... Rg5 $19 {is more deadly.} 55. Rh7 Kd4) 55. Re4+ (55. Bd1 $17) 55... Kd6 56. Bd1 Kc5 57. Re3 $2 (57. Ke3 {is a better chance.}) 57... Kb4 {[%emt 0:00:10] Black is clearly winning.} 58. Rh3 Nc5 59. Bc2 Re7 60. Kf1 Ka3 61. Bd1 Kb2 62. Rh2+ Kc1 63. Bc2 Re3 64. Bg6 Rxb3 65. Rc2+ Kd1 66. Ra2 Rf3+ 67. Kg2 Rf4 {[%emt 0:00:13] aiming for ...Rg4+.} 68. Bc2+ Kc1 {[%emt 0:00:08] Weighted Error Value: White=0.36/Black=0.27 (precise)} 0-1

[Event "67th Mexican-ch Open 2022"]
[Site "Chihuahua"]
[Date "2022.04.16"]
[Round "7.6"]
[White "Gonzalez Arroyo, Lenin"]
[Black "Cori Quispe, Kevin Joel"]
[Result "0-1"]
[ECO "B42"]
[WhiteElo "2210"]
[BlackElo "2492"]
[Annotator "TA"]
[PlyCount "50"]
[EventDate "2022.04.12"]
[EventType "swiss"]
[EventCountry "MEX"]
[SourceTitle "playchess.com"]
[Source "ChessBase"]
[SourceQuality "1"]
[TimeControl "5400+30"]

1. e4 c5 2. Nf3 e6 3. d4 cxd4 4. Nxd4 a6 5. Bd3 Bc5 6. Nb3 Be7 7. O-O d6 8. f4 Nd7 {[%emt 0:01:33] B42: Sicilian: Kan Variation: 5 Bd3.} 9. N1d2 b6 (9... Ngf6 $11) 10. Nf3 Bb7 {[%emt 0:01:08] The position is equal.} 11. Qe2 {[%emt 0:01:24] [#]} Qc7 $146 ({Predecessor:} 11... Bf6 12. c3 Ne7 13. Bd2 O-O 14. Rae1 Nc6 15. Nfd4 Qc7 16. Rf3 g6 17. Rh3 Rfe8 {1-0 (80) Dusper,H (2235)-Balog,M (2159) Harkany 2004}) 12. e5 g6 13. f5 gxf5 14. Bf4 dxe5 (14... Bxf3 $11 15. Qxf3 Ra7 16. exd6 Bxd6) 15. Nxe5 $14 Bd6 {[%emt 0:00:05] [#]} 16. Nxf7 Kxf7 17. Nd4 ({Better is} 17. Bc4 $14 Bc5+ 18. Kh1 (18. Nxc5 Qxc5+ 19. Rf2 Re8 $11)) 17... Re8 $11 (17... Bxf4 $2 18. Qxe6+ Kg7 19. Nxf5+ Kf8 20. Nd6 $18) 18. Qh5+ Ke7 $1 19. Nxf5+ exf5 $17 20. Rae1+ {[%emt 0:00:06] [#]} Be5 (20... Be4 $1 $17 21. Bxe4 Ngf6 22. Bxd6+ (22. Bxf5+ Kd8 $17) 22... Kxd6 23. Rd1+ Ke7 24. Qxf5 Qc5+ 25. Rf2 Qxf5 26. Bxf5 Kd8) 21. Bxe5 (21. Qg5+ $1 $11 {remains equal.} Kf8 22. Qxf5+ Ngf6 23. Bxe5 (23. Rxe5 Rxe5 24. Bxe5 Qc5+ 25. Rf2 Rg8 $17) 23... Rxe5 24. Rxe5 Qxe5 25. Qxe5 (25. Qxd7 $2 Qc5+ 26. Kh1 Bxg2+ 27. Kxg2 Rg8+ 28. Kh1 Rg1+ 29. Rxg1 Nxd7 $19) 25... Nxe5 26. Rxf6+ Ke7 27. Rxb6) 21... Nxe5 22. Rxf5 {[%emt 0:00:26] [#]} Kd8 $1 {[%emt 0:02:18][%cal Oe5f3] aiming for ...Nf3+!} 23. Rfxe5 (23. Qg5+ Qe7) 23... Rxe5 24. Rxe5 Ne7 25. Bxh7 $2 {[%emt 0:02:56][%mdl 8192] [#]} (25. Re3 $17) 25... Rxh7 $1 {[%emt 0:00:58][%mdl 512] Weighted Error Value: White=0.74/Black=0.15 (very precise)} 0-1

[Event "67th Mexican-ch Open 2022"]
[Site "Chihuahua"]
[Date "2022.04.16"]
[Round "7.7"]
[White "Ibarra Chami, Luis Fernando"]
[Black "Sandoval Mercado, Carlos"]
[Result "1-0"]
[ECO "A36"]
[WhiteElo "2451"]
[BlackElo "2289"]
[Annotator "TA"]
[PlyCount "97"]
[EventDate "2022.04.12"]
[EventType "swiss"]
[EventCountry "MEX"]
[SourceTitle "playchess.com"]
[Source "ChessBase"]
[SourceQuality "1"]
[TimeControl "5400+30"]

1. c4 Nf6 2. g3 g6 3. Bg2 Bg7 4. Nc3 O-O 5. e4 d6 6. Nge2 c5 7. O-O Nc6 8. d3 a6 9. h3 Rb8 10. a4 Nd7 {[%emt 0:00:08] A36: Symmetrical English vs ...g6: 4 Bg2 Bg7.} 11. Rb1 e6 12. Be3 Nd4 {[%emt 0:01:04] The position is equal.} 13. b4 b6 14. Qd2 Bb7 {[%emt 0:04:21] [#]} 15. Qa2 $146 ({Predecessor:} 15. f4 f5 16. Bf2 Qc7 17. Kh2 Ba8 18. b5 a5 19. Rbe1 Rbe8 20. Bg1 Qd8 21. Kh1 {0-1 (46) Ibarra Chami,L (2423)-Albornoz Cabrera,C (2555) Merida 2019}) 15... Qe7 16. f4 f5 17. a5 Nc6 18. bxc5 bxc5 19. exf5 Nb4 20. Qd2 Bxg2 ({But not} 20... gxf5 $6 21. Bxb7 Rxb7 22. d4 $11) 21. Kxg2 gxf5 22. d4 Nf6 23. Rfd1 Rfd8 24. Ng1 (24. Bf2 $11 {keeps the balance.}) 24... Ne4 (24... d5 $1 $17 25. cxd5 Nfxd5) 25. Nxe4 $11 fxe4 26. Ne2 Nd3 27. Rb6 Rxb6 28. axb6 Qb7 $1 {[%emt 0:00:03] Strongly threatening ...cxd4.} 29. dxc5 dxc5 {[%emt 0:00:22][%cal Od3f4] Threatens to win with ...Nxf4+!} 30. Qa5 $1 Rd6 31. Rb1 Bd4 $2 {[%emt 0:03:00][%mdl 8192] Black is now going downhill.} (31... Rc6 $11 {and Black is okay.}) 32. Nxd4 $18 cxd4 33. Qg5+ Kf7 {[%emt 0:00:04] [#]} 34. Qh5+ $2 (34. c5 $1 $18 Rd5 35. Qh6 Nxc5 36. Qxh7+ Ke8 37. Qh8+ Kd7 38. Bxd4) 34... Kf8 $2 {[%emt 0:00:47][%mdl 8192] [#]} (34... Kg7 $11) 35. c5 $1 Rd7 (35... Rd8 36. Bxd4) 36. Qh6+ Kf7 37. Qxh7+ Ke8 38. Qg6+ Ke7 {[%emt 0:00:58] [#]} 39. f5 $1 {[%emt 0:02:45] White threatens Qg7+ and mate.} Nxc5 {[%emt 0:00:04] [#]} 40. Bxd4 $1 e3+ (40... Rxd4 41. Qg7+) 41. Kh2 Qd5 42. Rd1 (42. Qg7+ $142 Ke8 43. Qg8+ Ke7 {[#]} 44. b7 $1 Qa2+ 45. Rb2 Qxb2+ 46. Bxb2 Rxb7 47. Ba3) 42... Qa2+ 43. Kh1 Qd5+ 44. Kg1 {[%emt 0:00:05] Bxc5+ would kill now.} e2 45. Bf6+ Kf8 46. Qh6+ {[%emt 0:00:09] White mates.} Kg8 47. Qh8+ Kf7 48. Qg7+ Ke8 49. Qg8# {[%emt 0:07:11] Weighted Error Value: White=0.34/Black=0.58} 1-0

[Event "67th Mexican-ch Open 2022"]
[Site "Chihuahua"]
[Date "2022.04.16"]
[Round "7.8"]
[White "Rascon Vega, Alfonso"]
[Black "Perez Gormaz, Matias"]
[Result "0-1"]
[ECO "B14"]
[WhiteElo "2107"]
[BlackElo "2404"]
[Annotator "TA"]
[PlyCount "60"]
[EventDate "2022.04.12"]
[EventType "swiss"]
[EventCountry "MEX"]
[SourceTitle "playchess.com"]
[Source "ChessBase"]
[SourceQuality "1"]
[TimeControl "5400+30"]

1. e4 c6 2. d4 d5 3. exd5 cxd5 4. c4 Nf6 5. Nc3 g6 6. Qb3 Bg7 7. cxd5 O-O 8. Be2 Nbd7 9. Bf3 Nb6 10. Nge2 Bf5 11. O-O Bd3 12. Re1 {[%emt 0:00:00][%cal Od5d6] B14: Caro-Kann: Panov-Botvinnik Attack with 5...e6 and 5...g6.} (12. d6 {is more complex.} Qxd6 13. Bxb7 Bc4 14. Qc2) 12... Bc4 13. Qd1 Nfxd5 {[%emt 0:00:40] [#]} 14. Ng3 $146 (14. Bg5 $11) ({Predecessor:} 14. Bg5 Qd7 15. Qd2 Rac8 16. Rad1 Nxc3 17. Nxc3 e6 18. Ne4 Nd5 19. Nc5 Qc7 20. Rc1 Bxa2 21. Nxe6 {½-½ (45) Perez Rodriguez,L (2324)-Ezat,M (2401) Chess.com INT 2020}) 14... Re8 (14... Nb4 $5 15. Bxb7 Rb8 $15) 15. Nce4 {[%emt 0:00:00] [#]} (15. Bg5 $11) 15... Nb4 $1 $17 16. Nc5 (16. Nd2 $17 {was necessary.} Ba6 17. Nb3) 16... Qxd4 $19 ({Stronger than} 16... Bxd4 17. Nxb7 Qd7 18. Ne2 $17) 17. a3 Qxc5 18. Be3 (18. Ne4 $142 Qb5 19. axb4) 18... Qb5 19. axb4 Bxb2 {[%emt 0:00:10] And now ...Rad8 would win.} 20. Bc5 $2 (20. Ra5 Qxb4 21. Bd2) 20... Bxa1 {[%emt 0:08:26] Black is clearly winning.} 21. Qxa1 a5 22. Bxe7 (22. Qc1 $142 Nd7 23. Bd4) 22... axb4 23. Qf6 Nd7 24. Qd4 {[%emt 0:00:00] [#]} Qc5 $3 25. Qxc5 Nxc5 {[%emt 0:00:07][%mdl 64] Pin} 26. h4 Nd3 27. Re3 b3 {[%emt 0:00:14] White must now prevent ...b2.} 28. Ne2 b2 29. Nc3 Ra1+ 30. Kh2 Rc1 {[%emt 0:00:18] White did not feel at home in the position after the opening.  Weighted Error Value: White=0.95/Black=0.17 (very precise)} 0-1

[Event "67th Mexican-ch Open 2022"]
[Site "Chihuahua"]
[Date "2022.04.16"]
[Round "7.9"]
[White "Diaz Rosas, Julio Cesar"]
[Black "Morales Garcia, Sergio Joshafatt"]
[Result "0-1"]
[ECO "B48"]
[WhiteElo "2393"]
[BlackElo "2246"]
[Annotator "TA"]
[PlyCount "70"]
[EventDate "2022.04.12"]
[EventType "swiss"]
[EventCountry "MEX"]
[SourceTitle "playchess.com"]
[Source "ChessBase"]
[SourceQuality "1"]
[TimeControl "5400+30"]

1. e4 c5 2. Nf3 e6 3. d4 cxd4 4. Nxd4 Nc6 5. Nc3 Qc7 6. Be3 a6 7. g4 {[%emt 0:00:07] is the new trend. B48: Sicilian: Taimanov: 5 Nc3 Qc7 6 Be3 a6 without Be2.} b5 8. Nxc6 Qxc6 9. Qd2 (9. Bg2 $11) 9... Nf6 (9... b4 $15 10. Ne2 Qxe4) 10. f3 $14 h6 11. O-O-O Bb7 12. Ne2 Rc8 13. Nd4 (13. Kb1 $14) 13... Qc7 $1 $11 14. Kb1 e5 $1 15. Nf5 d5 {[%emt 0:04:37][%cal Bd7d5,Bd5d4][%mdl 32] [#]} 16. Bh3 $146 (16. exd5 $11 Bxd5 17. Be2) ({Predecessor:} 16. exd5 Nxd5 17. Bd3 g6 18. Ng3 Bg7 19. Be4 Nxe3 20. Qxe3 Bxe4 21. Qxe4 {1-0 (34) Papp,P (2292)-Khalukov,Y (2192) Voronezh 2012}) 16... d4 $15 17. Bf2 g6 18. Bh4 Qb6 19. Rhe1 gxf5 $19 20. exf5 {[%emt 0:00:19] [#] Black must now prevent Bxf6.} Bg7 {[%emt 0:01:38] Hoping for ...0-0.} (20... Bxf3 21. Rxe5+ Be7 22. Rde1 $11) (20... Nd7 21. f4 Bf3 22. Qxd4 Qxd4 23. Rxd4 $17) 21. Rxe5+ Kf8 22. Qb4+ (22. Ree1 $17 {is the only way for White.}) 22... Kg8 23. Rxd4 Nd5 $2 24. Rdxd5 (24. Rexd5 $15 Bxd5 25. Rxd5) 24... Bxd5 $40 {[%emt 0:00:42][%mdl 128] Black is out for blood. Dancing on a razor blade.} (24... Qg1+ {feels hotter.} 25. Qe1 Qxh2 26. Re2 Qxh3 27. Rd3 h5) 25. f6 $2 (25. Rxd5 $17 {nothing else works.} Qg1+ 26. Qe1 Qxh2 27. Rd2 Qxh3 28. Bg3) 25... Bxf6 {[%emt 0:01:55] Black is clearly winning.} 26. Bxf6 Qxf6 27. Rxd5 Qxf3 28. Qd2 Qxh3 29. Qe2 Qh4 30. a4 Kg7 {[%emt 0:03:05] Strongly threatening ...Rhe8.} 31. Rh5 Qf6 32. Rf5 {[%emt 0:00:09] [#]} Rhe8 $1 33. Qf2 Qe6 {[%emt 0:02:02] ...Red8 is the strong threat.} 34. Qd4+ Kg8 {[%emt 0:00:39] ( -> ...Qe1+)} 35. Rf6 Qe5 {[%emt 0:01:48] Weighted Error Value: White=0.77/Black=0.30} 0-1

[Event "67th Mexican-ch Open 2022"]
[Site "Chihuahua"]
[Date "2022.04.16"]
[Round "7.10"]
[White "Torres Rosas, Luis Carlos"]
[Black "Montes Orozco, Miguel Angel"]
[Result "1-0"]
[ECO "D15"]
[WhiteElo "2356"]
[BlackElo "1914"]
[Annotator "TA"]
[PlyCount "137"]
[EventDate "2022.04.12"]
[EventType "swiss"]
[EventCountry "MEX"]
[SourceTitle "playchess.com"]
[Source "ChessBase"]
[SourceQuality "1"]
[TimeControl "5400+30"]

1. d4 d5 2. c4 c6 3. Nf3 Nf6 4. Nc3 dxc4 5. e4 b5 $1 6. Be2 {[%emt 0:00:04] D15: Slav Defence: 4 Nc3 a6 and gambit lines after 4 Nc3 dxc4.} e6 7. O-O Bb4 8. Qc2 {[%emt 0:14:19][%mdl 1024] [#] White has compensation. White has an edge.} (8. a4 $5 ) 8... a5 $146 (8... Bb7 $11) ({Predecessor:} 8... O-O 9. Bg5 Qc7 10. Rad1 Nbd7 11. e5 Nd5 12. Ne4 f5 13. exf6 N7xf6 14. Ne5 Nxe4 15. Qxe4 {1-0 (43) Storme,I (2379)-Marn,J (2360) Chess.com INT 2020}) 9. Bg5 h6 10. Bh4 Nbd7 11. Rad1 Qb6 12. Ne5 {[%emt 0:11:07] [#]} (12. a3 $11 {remains equal.}) 12... Bb7 {[%emt 0:18:45] [#]} (12... Nxe5 $1 $17 13. dxe5 Nd7) 13. Nxf7 $1 $11 Kxf7 14. e5 {[%emt 0:00:01] [#]} g5 $1 15. exf6 gxh4 16. Bh5+ Kxf6 (16... Kf8 $2 {is a self mate.} 17. Qg6) 17. Qg6+ Ke7 18. Qg7+ (18. Ne4 $11 Kd8 19. a3) 18... Kd6 $17 {[%emt 0:00:36] Threatens to win with ...Bxc3.} 19. Ne4+ Kc7 {[%emt 0:00:35] Hoping for ...Rag8.} 20. Nc5 Rad8 $2 (20... Rhd8 $17 21. Qe7 Ba6) 21. Nxd7 $14 {[%emt 0:01:58] 0x0.000e62c4cf4ddp-1022s more active pieces.} Rhg8 {[%emt 0:01:10] [#]} 22. Qxg8 {[%emt 0:10:26] Chess con chili.} Rxg8 23. Nxb6 Kxb6 24. Bf7 (24. a3 $1 $14 Bd6 25. Bf7) 24... Rd8 $11 25. Bxe6 c3 (25... Be7 $11) 26. a3 $1 $14 c2 27. Rc1 $18 ({Much less strong is} 27. axb4 $6 cxd1=N 28. bxa5+ (28. Rxd1 axb4 29. f4 Kc7 $14) 28... Kxa5 29. Rxd1 Rd6 $14) 27... Bd2 28. Rxc2 Rxd4 29. Rd1 Bc3 30. Rb1 Bd2 31. Rd1 (31. Bf5 $16) 31... Bc3 $1 32. Rxd4 Bxd4 {[%emt 0:00:03][%mdl 4096] Endgame KRB-KB} 33. b4 ({White should play} 33. b3 $18) 33... c5 34. bxc5+ Bxc5 35. Rc3 Be4 36. Rh3 Bc2 37. Rxh4 ({White should try} 37. Kf1) 37... Bxa3 $16 38. Rxh6 Bc1 {[%emt 0:00:05] This bishop pair is nice.} 39. Rh8 Bf4 {[%emt 0:01:50] [#] Prevents Rb8+.} 40. g3 $1 Bc7 (40... Be5 $16 41. Rc8 Bc7) 41. Rh6 $18 Kb7 (41... Ka7 $142 42. Bf7 Bb6) 42. Bd5+ Kb8 43. Ra6 Bd8 44. Ra8+ Kc7 45. Rxa5 Kd6 46. Ra2 Bh7 47. Rd2 {[%emt 0:00:50] Bg8+ is the strong threat.} Ba5 48. Bg8+ Bxd2 49. Bxh7 {[%emt 0:00:01] KB-KB} Ke5 50. Kg2 b4 51. Kf3 (51. h4 $142 {Strongly threatening Kf3.} Kd4 52. Kf3) 51... Kf6 52. Bc2 (52. Ke2 $142 Bh6 53. Bc2) 52... Be1 (52... Ke5 $18 53. h4 Kd4) 53. Ke2 {[%emt 0:00:11] White mates.} Bc3 54. f4 Bd4 55. Kf3 Kg7 56. h4 Kh6 57. g4 Bc3 58. Ke4 Be1 59. h5 Bc3 60. Kf5 Bd4 61. Bd1 Be3 62. g5+ Kg7 63. Bb3 Bd2 64. Kg4 Bc3 65. f5 Bd4 66. h6+ Kh7 67. Kh5 Be5 68. g6+ Kh8 69. g7+ {[%emt 0:00:07] What a bad dream for Black.  Weighted Error Value: White=0.25 (precise) /Black=0.38} 1-0

[Event "67th Mexican-ch Open 2022"]
[Site "Chihuahua"]
[Date "2022.04.16"]
[Round "7.11"]
[White "Figueredo Losada, Leonel"]
[Black "Quiroga Jaquez, Angel Ivan"]
[Result "1-0"]
[ECO "C22"]
[WhiteElo "2342"]
[BlackElo "2185"]
[Annotator "TA"]
[PlyCount "49"]
[EventDate "2022.04.12"]
[EventType "swiss"]
[EventCountry "MEX"]
[SourceTitle "playchess.com"]
[Source "ChessBase"]
[SourceQuality "1"]
[TimeControl "5400+30"]

1. e4 e5 2. d4 exd4 3. Qxd4 Qf6 4. Qd3 Bb4+ {[%emt 0:06:01] [#]} 5. Nc3 $146 ({Predecessor:} 5. c3 Bc5 6. Qg3 d6 7. Nf3 Qg6 8. Qxg6 hxg6 9. Bc4 Nc6 10. O-O Nf6 11. Nbd2 a6 {0-1 (29) Bistric,F (2349)-Nikolic,P (2607) Sarajevo 2017}) 5... Bxc3+ 6. bxc3 {[%emt 0:00:02] C22: Centre Game.} Nc6 7. f4 Qe7 8. Be2 {[%emt 0:02:05] The position is equal.} d6 9. Ba3 $1 Qf6 10. Qe3 Nh6 11. O-O-O O-O 12. Bb2 Qe7 13. Bd3 f5 (13... d5 $11) 14. Re1 $1 $14 fxe4 (14... Qf7 $14) 15. Bxe4 $16 Qf7 {[%emt 0:04:14] Prevents Bd5.} 16. Nf3 {[%emt 0:02:10] aiming for Ng5.} Qxa2 (16... Qxf4 $2 17. Bd5+ Be6 18. Qxf4 Rxf4 19. Rxe6 $18) (16... Ng4 $16 17. Ng5 Nxe3 18. Nxf7 {[#]} Bf5 $1 19. Rxe3 Bxe4 20. Rxe4 d5) 17. Qd3 $18 Kh8 $2 (17... Qa5 {might work better.}) 18. c4 ({Stronger than} 18. Bxc6 bxc6 19. c4 Ng8 $11) 18... Qa5 19. Bxc6 {[%emt 0:06:57] Threatens to win with Re7.} bxc6 20. Re7 Nf5 {[%emt 0:04:20] [#]} 21. Ng5 $1 Rb8 {[%emt 0:09:01] [#]} 22. Bxg7+ $1 Kg8 23. Bc3 (23. Bd4 $142 Qa3+ 24. Qxa3 Nxe7 25. Re1) 23... Qa3+ 24. Kd2 {[%emt 0:00:02][%cal Oe7g7] Threatening mate with Rg7+!} Rf6 25. Re8+ {[%emt 0:12:41] Weighted Error Value: White=0.33/Black=0.97} 1-0

[Event "67th Mexican-ch Open 2022"]
[Site "Chihuahua"]
[Date "2022.04.16"]
[Round "7.12"]
[White "Silva Hernandez, Jose Luis"]
[Black "Garcia Guerrero, Isaac Antonio"]
[Result "0-1"]
[ECO "D38"]
[WhiteElo "2006"]
[BlackElo "2338"]
[Annotator "TA"]
[PlyCount "42"]
[EventDate "2022.04.12"]
[EventType "swiss"]
[EventCountry "MEX"]
[SourceTitle "playchess.com"]
[Source "ChessBase"]
[SourceQuality "1"]
[TimeControl "5400+30"]

1. d4 d5 2. c4 e6 3. Nc3 Bb4 4. Nf3 Nf6 5. cxd5 exd5 6. Bg5 h6 7. Qa4+ Nc6 8. Bxf6 Qxf6 9. e3 O-O 10. Bb5 {[%emt 0:02:14] D38: Queen's Gambit Declined: Ragozin Defence (4 Nf3 Bb4).} Bg4 11. Bxc6 Bxc3+ 12. bxc3 {[%emt 0:03:47] The position is equal.} Bxf3 ({Don't take} 12... bxc6 13. Ne5 Bf5 14. Qxc6 $14) ({Resist} 12... Qxc6 13. Qxc6 bxc6 14. Ne5 $14) 13. gxf3 bxc6 14. Ke2 {[%emt 0:00:38] [#]} Qf5 $146 {[%emt 0:04:15] Strongly threatening ...Rab8.} (14... c5 $5) ({Predecessor:} 14... Rfb8 15. Rab1 Qf5 16. Qd1 Rb6 17. Qd3 Qh5 18. Rb3 c5 19. dxc5 Rf6 20. Rf1 Rxf3 21. Ke1 Re8 22. Rb4 Qxh2 23. Rg4 Qh3 {0-1 (23) Hulak,K (2532)-Sulava,N (2521) Sibenik 2009}) 15. Rhb1 Rae8 16. Qd1 ({White should try} 16. Rb2 $11) 16... Re6 {[%emt 0:20:19][%cal Be8e6,Be6f6,Bf6g6,Bg6g2][%mdl 32] &Nero is more active.} 17. Rb7 {[%emt 0:07:47][%csl LRa7,LRc7] [#]} Rf6 $1 18. Kd2 Qh3 19. f4 {[%emt 0:08:20] [#]} Rg6 $1 20. Rab1 ({Don't go for} 20. Rxa7 $2 Rg2 21. Qe2 Rb8 $19) 20... Rg2 21. Qe1 (21. Qe2 $17 {nothing else works.}) 21... Qf3 {[%emt 0:01:30] Weighted Error Value: White=0.72/Black=0.02 (flawless)} 0-1

[Event "67th Mexican-ch Open 2022"]
[Site "Chihuahua"]
[Date "2022.04.16"]
[Round "7.13"]
[White "Benitez Lozano, Javier"]
[Black "Avila Bautista, Roberto Al"]
[Result "1/2-1/2"]
[ECO "A67"]
[WhiteElo "2309"]
[BlackElo "2090"]
[Annotator "TA"]
[PlyCount "65"]
[EventDate "2022.04.12"]
[EventType "swiss"]
[EventCountry "MEX"]
[SourceTitle "playchess.com"]
[Source "ChessBase"]
[SourceQuality "1"]
[TimeControl "5400+30"]

1. d4 Nf6 2. c4 c5 3. d5 e6 4. Nc3 exd5 5. cxd5 d6 6. e4 g6 7. f4 Bg7 8. Bb5+ Nfd7 9. a4 O-O 10. Nf3 Na6 11. O-O Nb4 $1 {[%emt 0:02:21] 11...Nb4 scores better than 11...Nc7.} 12. Be3 a6 {[%emt 0:03:53] A67: Modern Benoni: Taimanov Variation.} 13. Be2 Re8 14. Bf2 Nf6 {[%emt 0:08:58] White is slightly better.} 15. Bh4 {[%emt 0:06:55] [#] e5 is the strong threat.} Qd7 $146 ({Predecessor:} 15... Bg4 16. h3 Bxf3 17. Bxf3 Qd7 18. Re1 Nh5 19. Bg4 Qc7 20. Bxh5 gxh5 21. Rb1 f5 22. Qxh5 {1-0 (34) Shkalov,O (2266)-Dashdorzh,D (1726) St Petersburg 2018}) 16. Nd2 Ng4 (16... b6 $14) 17. Bxg4 (17. Nc4 $16) 17... Qxg4 $14 18. Qxg4 Bxg4 19. h3 Bc8 ({Better is} 19... Bd4+ $14 20. Bf2 Bd7) 20. Nc4 $18 Bf8 21. Bf6 Rb8 22. e5 {[%emt 0:05:05] &Bianco is more active.} (22. Nb6 $142) 22... dxe5 $16 23. Bxe5 ({Don't play} 23. fxe5 Bf5 $14) 23... Bf5 24. Bxb8 Rxb8 25. Rfd1 Rd8 26. g4 Bd3 27. Ne5 Bc2 28. Rd2 Bd6 $2 (28... f6 $16) 29. Na2 {[%emt 0:00:55] [#] Hoping for Nxb4.} Bb3 30. Nxb4 cxb4 31. Rd3 Bc2 {[%emt 0:00:48] aiming for ...Bxe5. This bishop pair is nice.} 32. Rd2 Bb3 33. Rd3 {[%emt 0:01:15] Weighted Error Value: White=0.23 (precise) /Black=0.17 (very precise)} (33. g5 $16) 1/2-1/2